 Dungeon Crawl Stone Soup version 0.30-a0-1163-gf69bf04e7a (webtiles) character file.

Game seed: 3342216430461646322

95 NinjaNoafa the Sneak (level 4, -3/28 HPs)
             Began as a Kobold Brigand on Apr 28, 2023.
             Was an Initiate of Wu Jian.
             Slain by a gnoll
             ... wielding a +0 club
              (7 damage)
             ... on level 3 of the Dungeon.
             The game lasted 00:02:53 (1351 turns).

NinjaNoafa the Sneak (Kobold Brigand)               Turns: 1351, Time: 00:02:54

Health: -3/28      AC:  3    Str:  8    XL:     4   Next: 95%
Magic:  4/4        EV: 15    Int: 12    God:    Wu Jian [......]
Gold:   110        SH:  0    Dex: 18    Spells: 3/3 levels left

rFire   . . .        a - +2 dagger
rCold   . . .        (no shield)
rNeg    + . .        b - +0 robe
rPois   +            (no helmet)
rElec   .            c - +0 cloak
rCorr   .            (no gloves)
SInv    .            (no boots)
Will    .....        (no amulet)
Stlth   ++++         f - ring of positive energy
HPRegen 0.24/turn    k - ring of poison resistance
MPRegen 0.09/turn

%: no passive effects
@: attractive, flying
A: small, no large weapons, nightstalker 3
a: Renounce Religion


You were on level 3 of the Dungeon.
You worshipped Wu Jian.
Wu Jian was noncommittal.
You visited 1 branch of the dungeon, and saw 3 of its levels.

You collected 110 gold pieces.

Inventory:

Hand Weapons
 a - a +2 dagger (weapon)
Missiles
 d - 6 poisoned darts (quivered)
 e - 3 curare-tipped darts
Armour
 b - a +0 robe (worn)
 c - a +0 cloak (worn)
Jewellery
 f - a ring of positive energy (left hand)
 k - a ring of poison resistance (right hand)
Wands
 n - a wand of polymorph (1)
Scrolls
 i - 2 scrolls of identify
 l - a scroll of poison
 p - a scroll of brand weapon {unknown}
Potions
 g - a potion of curing {unknown}
 h - a potion of attraction
 j - a potion of berserk rage {unknown}
 m - a potion of cancellation {unknown}
 o - a potion of flight


   Skills:
 + Level 3.0 Fighting
 + Level 3.6 Short Blades
 + Level 3.0 Throwing
 + Level 2.4 Dodging
 + Level 6.0 Stealth


You had 3 spell levels left.
You didn't know any spells.
Your spell library contained the following spells:

 Spells                   Type           Power      Damage    Failure   Level
 Static Discharge         Conj/Air       0%         2-2/arc   45%         2
 Airstrike                Air            0%         2d(0-16)  97%         4
 Summon Lightning Spire   Summ/Air       0%         N/A       97%         4


Dungeon Overview and Level Annotations

Branches:
Dungeon (3/15)

Altars:
Wu Jian

Shops:
D:3 =


Innate Abilities, Weirdness & Mutations

You are small and have problems with some larger weapons.
You are completely attuned to the shadows.


Message History

Things that are here:
a +0 club; a goblin corpse
Okay, then.
You now have 95 gold pieces (gained 9).
Found a stone staircase leading down.
You now have 110 gold pieces (gained 15). 2 gnolls come into view.
Found a quarterstaff.
Found Goezeedy's Jewellery Boutique.
There are monsters nearby!
A gnoll comes into view. It is wielding a +0 flail.
A kobold comes into view.
It is wielding a +0 short sword and quivering poisoned darts.
You lunge at the gnoll.
The helpless gnoll fails to defend itself.
You perforate the gnoll like a sieve!!!
You kill the gnoll!
The Council accepts your kill.
The kobold shouts!
The gnoll shouts!
The gnoll closely misses you.
You hear a shout!
Your Throwing skill increases to level 3!
Your Stealth skill increases to level 6!
The gnoll completely misses you. The gnoll attacks as you move away!
The gnoll misses you. The gnoll attacks as you move away!
The gnoll hits you with a +0 club! The gnoll attacks as you move away!
The gnoll hits you with a +0 flail!
* * * LOW HITPOINT WARNING * * *
It was a potion of attraction.
You feel attractive to monsters. The gnoll misses you.
It was a potion of flight.
You feel very buoyant.
You fly up into the air.
The gnoll hits you with a +0 flail.
* * * LOW HITPOINT WARNING * * *
The gnoll hits you with a +0 club.
* * * LOW HITPOINT WARNING * * *
As you read the scroll labelled OSIQOA PUEBRA, it crumbles to dust.
It is a scroll of identify.
l - a scroll of poison The gnoll completely misses you.
The gnoll hits you with a +0 club!
You die...

..##....... #.......#.# #
####.......... #.
###.....g##.)... #.####..
#......@gK......
.....##.##.#######...)...
.....##.............⌠.⌠..
...).##...........##.∩...
(....###.......... #⌠.⌠..
.................. ....
.....####...... ..<..#
#>..... .....# #######


You could see 2 gnolls and a kobold.

Vanquished Creatures
  A gnoll (D:3)
  3 adders (D:2)
  2 dart slugs
  7 endoplasms
  4 giant cockroaches
  9 goblins
  A hobgoblin (D:1)
  5 kobolds
  5 quokkas
  2 ball pythons (D:1)
  4 bats
  3 frilled lizards
  4 rats
50 creatures vanquished.

Notes
Turn   | Place    | Note
-------+----------+-------------------------------------------
     0 | D:1      | NinjaNoafa the Kobold Brigand began the quest for the Orb.
     0 | D:1      | Reached XP level 1. HP: 12/12 MP: 1/1
    76 | D:1      | Reached XP level 2. HP: 9/18 MP: 2/2
   223 | D:1      | Reached XP level 3. HP: 21/22 MP: 3/3
   713 | D:2      | Reached XP level 4. HP: 27/27 MP: 4/4
  1108 | D:2      | Found an ornate altar of the Wu Jian Council.
  1150 | D:2      | Became a worshipper of the Wu Jian Council
  1341 | D:3      | Found Goezeedy's Jewellery Boutique.
  1345 | D:3      | Reached skill level 6 in Stealth
  1351 | D:3      | Slain by a gnoll

Illustrated notes

Levels and vault maps discovered:
D:1:      dpeg_arrival_windows_large_door, layout_loops_ring
D:2:      layout_loops_ring, basic_altar
D:3:      layout_rooms, serial_shops, shop_fountains,
          nicolae_shop_real_fake_doors

Skill      XL: |  1  2  3  4 |
---------------+-------------+-----
Short Blades   | 3 |  3.6
Dodging        | 2 |  2.4
Fighting       | 3 |  3.0
Throwing       | 3 |  3.0
Stealth        | 6 |  6.0

Action                     |  1- 3 |  4- 6 || total
---------------------------+-------+-------++-------
  Melee: Dagger            |    68 |    34 ||   102
         Punch             |     1 |       ||     1
  Throw: Dart              |    13 |     5 ||    18
Ability: Lunge             |       |     2 ||     2
    Use: Potion            |       |     2 ||     2
         Scroll            |       |     1 ||     1
   Stab: Sleeping          |    19 |     8 ||    27
 Armour: Robe              |    11 |     9 ||    20
  Dodge: Dodged            |    34 |    28 ||    62

Table legend: (Time is in decaauts)
 A = Elapsed time spent in this place.
 B = Non-inter-level travel time spent in this place.
 C = Inter-level travel time spent in this place.
 D = Time resting spent in this place.
 E = Time spent auto-exploring this place.
 F = Levels seen in this place.
 G = Mean time per level.
                   A        B        C        D        E       F      G
               +--------+--------+--------+--------+--------+-----+--------+
         Total |   1330 |   1277 |     53 |      0 |    939 |   3 |  443.3 |
       Dungeon |   1330 |   1277 |     53 |      0 |    939 |   3 |  443.3 |
               +--------+--------+--------+--------+--------+-----+--------+

Top non-repeatable levels by time:
     D:2: 694 daAuts
     D:1: 595 daAuts
     D:3: 40 daAuts
